 Dungeon Crawl Stone Soup version 0.23.2-1-ga50397a (webtiles) character file.

Game seed: 16999790724669285505

5240 MalarOregon the Grappler (level 10, -4/88 HPs)
             Began as a Ghoul Gladiator on May 29, 2019.
             Was a Believer of Okawaru.
             Killed from afar by Erica (19 damage)
             ... with an orb of energy
             ... on level 9 of the Dungeon.
             The game lasted 00:19:27 (11789 turns).

MalarOregon the Grappler (Ghoul Gladiator)         Turns: 11789, Time: 00:19:28

Health: -4/88      AC: 10    Str: 22    XL:     10   Next: 62%
Magic:  9/9        EV: 14    Int:  3    God:    Okawaru [**....]
Gold:   435        SH:  0    Dex: 10    Spells: 9/9 levels left

rFire    . . .     SeeInvis +     - Unarmed
rCold    + + .     Gourm    .   (no shield)
rNeg     + + +     Faith    .   G - +0 troll leather armour
rPois    ∞         Spirit   .   b - +1 helmet
rElec    .         Reflect  .   (no cloak)
rCorr    .         Harm     .   v - +2 pair of gloves {archery}
MR       .....                  m - +0 pair of boots
Stlth    +.........             (no amulet)
HPRegen  0.00/turn              o - ring of protection from cold
MPRegen  0.11/turn              z - ring of see invisible

@: rotting
A: rotting body, claws 1, carnivore, cold resistance 1, negative energy
resistance 3, inhibited regeneration, torment resistance, unbreathing
a: Heroism, Renounce Religion


You were on level 9 of the Dungeon.
You worshipped Okawaru.
Okawaru was pleased with you.
You were not hungry.

You visited 2 branches of the dungeon, and saw 10 of its levels.

You collected 435 gold pieces.

Inventory:

Hand Weapons
 s - the +9 mace "Raefoss" {venom, MR+ MP+9 Dex+4, unknown}
   (You found it on level 5 of the Dungeon)

   It poisons the flesh of those it strikes.
   It affects your dexterity (+4).
   It affects your resistance to hostile enchantments.
   It affects your magic capacity (+9).
Missiles
 c - 4 throwing nets {!f}
 d - 18 poisoned needles
 l - 3 tomahawks (quivered)
Armour
 b - a +1 helmet (worn)
 m - a +0 pair of boots (worn)
   (You found it on level 1 of the Dungeon)
 v - a +2 pair of gloves of archery (worn)
   (You found it on level 3 of the Dungeon)
 G - a +0 troll leather armour (worn)
   (You found it on level 9 of the Dungeon)
Jewellery
 i - an uncursed ring of fire
   (You found it on level 6 of the Dungeon)
 o - a ring of protection from cold (left hand)
   (You found it on level 5 of the Dungeon)
 u - an uncursed ring of wizardry
   (You found it on level 3 of the Dungeon)
 z - a ring of see invisible (right hand)
   (You found it on level 5 of the Dungeon)
Wands
 A - a wand of clouds (4)
   (You found it on level 5 of the Dungeon)
 C - a wand of enslavement (5)
   (You took it off an orc warrior on level 8 of the Dungeon)
Scrolls
 a - 3 scrolls of fear
 g - 5 scrolls of teleportation {@r4}
 j - 2 scrolls of magic mapping
 t - a scroll of immolation {!r}
 y - 5 scrolls of remove curse {@r2}
 D - 3 scrolls of identify {@r1}
 E - a scroll of enchant weapon
Potions
 f - 2 potions of flight
 h - a potion of cancellation {unknown}
 k - 3 potions of curing {@q1}
 n - a potion of brilliance {unknown}
 p - a potion of resistance
 q - a potion of degeneration {unknown}
 r - a potion of might
 w - 2 potions of haste {@q3}
 x - 3 potions of agility
 B - a potion of lignification {unknown}
Comestibles
 e - 15 rations {!d}


   Skills:
 + Level 7.8 Fighting
 + Level 6.5 Throwing
 + Level 6.8 Dodging
 * Level 11.1 Unarmed Combat


You had 9 spell levels left.
You didn't know any spells.
Your spell library contained the following spells:

 Spells                   Type           Power        Failure   Level  Hunger
 Freeze                   Ice            #...         56%         1    ##.....
 Magic Dart               Conj           #...         56%         1    ##.....
 Sandblast                Erth           #.....       56%         1    ##.....
 Summon Small Mammal      Summ           #...         56%         1    ##.....
 Call Imp                 Summ           #.......     71%         2    ###....
 Passwall                 Tmut/Erth      #.......     71%         2    ###....
 Searing Ray              Conj           #.....       71%         2    ###....
 Throw Frost              Conj/Ice       #.....       71%         2    ###....
 Call Canine Familiar     Summ           #.......     91%         3    ####...
 Dazzling Spray           Conj/Hex       #.....       91%         3    ####...
 Ozocubu's Armour         Chrm/Ice       #.......     91%         3    ####...
 Stone Arrow              Conj/Erth      #.....       91%         3    ####...
 Summon Guardian Golem    Hex/Summ       #.......     91%         3    ####...
 Force Lance              Conj/Tloc      #.......     100%        4    #####..
 Fulminant Prism          Conj/Hex       #.........   100%        4    #####..
 Iskenderun's Mystic Bla  Conj           #.......     100%        4    #####..
 Petrify                  Tmut/Erth      #.......     100%        4    #####..
 Summon Ice Beast         Ice/Summ       #.......     100%        4    #####..
 Summon Lightning Spire   Summ/Air       #.......     100%        4    #####..
 Throw Icicle             Conj/Ice       #.......     100%        4    #####..
 Lee's Rapid Deconstruct  Erth           #.........   100%        5    ######.


Dungeon Overview and Level Annotations

Branches:
Dungeon (9/15)             Temple (1/1) D:7             Orc (0/2) D:9
   Lair: D:8-11

Altars:
Ashenzari
Cheibriados
Dithmenos
Elyvilon
Fedhas
Gozag
Hepliaklqana
Kikubaaqudgha
Nemelex Xobeh
Okawaru
Qazlal
Sif Muna
Uskayaw
Vehumet
Wu Jian
Yredelemnul
Zin
The Shining One
Jiyva

Annotations:
D:6 1 runed translucent door, cab's ghost, novice GrEE
D:8 3 runed translucent doors, Valentain's ghost, novice OpAE
D:9 Erica


Innate Abilities, Weirdness & Mutations

Your body is rotting away.
You thrive on raw meat.
You are immune to poison.
You have sharp fingernails.
You are carnivorous and can eat meat at any time.
Your flesh is cold resistant. (rC+)
You are immune to negative energy. (rN+++)
You do not regenerate when monsters are visible.
You are immune to unholy pain and torment.
You can survive without breathing.


Message History

You barely miss Erica.
Erica says, "I'm so much better than you."
Erica closely misses you. The adder bites you.
* * * LOW HITPOINT WARNING * * *
You closely miss Erica. The adder barely misses you.
Erica hits you but does no damage.
Unknown command.
Eat one of 5 chunks of flesh? (ye/n/q)
You eat one of the 5 chunks of flesh.
This raw flesh tastes great!
The adder bites you.
* * * LOW HITPOINT WARNING * * *
Eat one of 4 chunks of flesh? (ye/n/q)
You eat one of the 4 chunks of flesh.
This raw flesh tastes great!
Erica hits you with a +3 scimitar of flaming!
* * * LOW HITPOINT WARNING * * *
Erica burns you.
* * * LOW HITPOINT WARNING * * *
The adder bites you but does no damage.
Eat one of 3 chunks of flesh? (ye/n/q)
You eat one of the 3 chunks of flesh.
This raw flesh tastes great!
The adder completely misses you. Erica misses you.
An orc skeleton comes into view.
The adder bites you.
* * * LOW HITPOINT WARNING * * *
Eat one of 2 chunks of flesh? (ye/n/q)
You eat one of the 2 chunks of flesh.
This raw flesh tastes great!
Erica hits you with a +3 scimitar of flaming.
* * * LOW HITPOINT WARNING * * *
Erica burns you.
* * * LOW HITPOINT WARNING * * *
The adder closely misses you.
Eat a chunk of flesh? (ye/n/q)
You eat the chunk of flesh.
This raw flesh tastes great!
The adder completely misses you.
Erica hits you with a +3 scimitar of flaming.
* * * LOW HITPOINT WARNING * * *
Erica burns you.
* * * LOW HITPOINT WARNING * * *
Aim: Erica, wielding a +3 scimitar of flaming and wearing a +0 robe (severely wounded, slightly transparent)
You create a blast of noxious fumes!
The adder misses you.
Erica is engulfed in noxious fumes.
Erica hits you with a +3 scimitar of flaming.
* * * LOW HITPOINT WARNING * * *
Erica burns you.
* * * LOW HITPOINT WARNING * * *
You hit the adder. The adder closely misses you. The adder misses you.
You pummel Erica!!
Erica is engulfed in noxious fumes.
Erica gestures at you while chanting. The orb of energy hits you!!
You die...

##...........[.......#...).....
#....................#.........
#..............................
#...................ZZ8..h..>..
#...)....)....§ZZ...#..Z.WZ....
#.........(..#ZZZ..###...Z.h..@
##).......#####Z#### #..?......
##......).#####@# #......8..
#....).)...).##@# #####.....
#..........#..#S# #..##
#...(<.....##..Z.# .##
#....(.....####..# #
#..........# #.... ##........##
...... ##.....(## ###.##
######## .. .#.


You could see Erica (invisible), an adder, 2 goblin zombies, a hobgoblin zombie,
3 orc zombies and an orc skeleton.

Vanquished Creatures
  A troll (D:9)
  Grinder (D:3)
  2 slime creatures (D:7)
  Sigmund (D:3)
  3 yaks (D:8)
  A hungry ghost (D:9)
  A water moccasin (D:8)
  A sky beast (D:8)
  3 phantoms
  An ogre (D:5)
  4 orc warriors
  A necrophage (D:9)
  6 centaurs
  A bullfrog (D:6)
  2 big kobolds (D:7)
  A gnoll sergeant (D:8)
  A scorpion (D:7)
  A troll zombie (D:9)
  5 killer bees (D:8)
  5 howler monkeys
  4 wights (D:8)
  3 jellies
  4 crimson imps
  A centaur skeleton (D:4)
  A centaur zombie (D:9)
  A hound (D:5)
  A quasit (D:4)
  4 orc priests
  4 orc wizards
  3 bullfrog skeletons
  4 iguanas
  2 worker ants
  5 ogre zombies (D:9)
  A hound skeleton (D:7)
  9 gnolls
  15 adders
  2 shadow imps
  5 oozes (D:7)
  An adder zombie (D:6)
  An adder skeleton (D:8)
  3 worms
  3 dart slugs
  5 leopard geckos
  12 orcs
  3 ball pythons
  8 giant cockroaches
  9 goblins
  8 hobgoblins
  19 jackals
  6 quokkas
  6 bats
  3 frilled lizards
  3 goblin zombies (D:9)
  2 hobgoblin skeletons (D:9)
  A jackal skeleton (D:4)
  14 kobolds
  2 orc skeletons (D:9)
  10 orc zombies (D:9)
  2 quokka zombies
  12 rats
244 creatures vanquished.

Vanquished Creatures (others)
  2 fungi (D:7)
  12 toadstools (D:7)
14 creatures vanquished.

Grand Total: 258 creatures vanquished

Notes
Turn   | Place    | Note
-------+----------+-------------------------------------------
     0 | D:1      | MalarOregon the Ghoul Gladiator began the quest for the
                  | Orb.
     0 | D:1      | Reached XP level 1. HP: 17/17 MP: 0/0
    50 | D:1      | Reached XP level 2. HP: 20/25 MP: 1/1
   641 | D:1      | Reached XP level 3. HP: 30/30 MP: 2/2
   940 | D:2      | Reached skill level 4 in Unarmed Combat
  1149 | D:2      | Reached XP level 4. HP: 35/37 MP: 3/3
  1388 | D:2      | Reached XP level 5. HP: 34/45 MP: 4/4
  1583 | D:2      | Found a blossoming altar of Fedhas.
  2024 | D:3      | Found a deep blue altar of Sif Muna.
  2303 | D:3      | Noticed Sigmund
  2565 | D:3      | Noticed Grinder
  2579 | D:3      | Paralysed by Grinder for 2 turns
  2733 | D:3      | Noticed a centaur
  2742 | D:3      | Killed a centaur
  2742 | D:3      | Reached skill level 5 in Unarmed Combat
  2742 | D:3      | Reached XP level 6. HP: 26/51 MP: 5/5
  4075 | D:3      | Reached XP level 7. HP: 51/58 MP: 6/6
  4119 | D:3      | Killed Grinder
  4119 | D:3      | Reached skill level 6 in Unarmed Combat
  4514 | D:3      | Killed Sigmund
  4873 | D:3      | Found a deep blue altar of Sif Muna.
  5044 | D:5      | Entered Level 5 of the Dungeon
  5061 | D:5      | Got an ancient mace
  5235 | D:5      | Reached skill level 7 in Unarmed Combat
  5235 | D:5      | Reached XP level 8. HP: 42/67 MP: 7/7
  5512 | D:5      | Reached skill level 5 in Fighting
  6199 | D:6      | Reached skill level 8 in Unarmed Combat
  6299 | D:6      | Reached skill level 5 in Dodging
  6654 | D:6      | Found a runed translucent door.
  6672 | D:6      | Noticed cab's ghost (novice GrEE)
  6720 | D:6      | Reached XP level 9. HP: 71/75 MP: 8/8
  6769 | D:6      | Found an iron altar of Okawaru.
  6782 | D:6      | Became a worshipper of Warmaster Okawaru
  6870 | D:6      | Found a glowing silver altar of Zin.
  7215 | D:7      | Reached skill level 5 in Throwing
  8024 | D:7      | Found a staircase to the Ecumenical Temple.
  8031 | Temple   | Entered the Ecumenical Temple
  8164 | D:7      | Found an ornate altar of the Wu Jian Council.
  8287 | D:7      | Reached skill level 9 in Unarmed Combat
  9403 | D:7      | Found a staircase to the Ecumenical Temple.
  9449 | D:7      | Found an ornate altar of the Wu Jian Council.
 10005 | D:8      | Found a runed translucent gate.
 10005 | D:8      | Noticed Valentain's ghost (novice OpAE)
 10010 | D:8      | Found a runed translucent gate.
 10010 | D:8      | Found a runed translucent gate.
 10062 | D:8      | Reached * piety under Okawaru
 10132 | D:8      | Reached skill level 10 in Unarmed Combat
 10192 | D:8      | Reached XP level 10. HP: 43/86 MP: 9/9
 10580 | D:8      | Reached ** piety under Okawaru
 11071 | D:8      | Found a viscous altar of Jiyva.
 11675 | D:9      | Found a staircase to the Orcish Mines.
 11694 | D:9      | Reached skill level 11 in Unarmed Combat
 11721 | D:9      | Noticed Erica
 11789 | D:9      | Killed from afar by Erica

Skill      XL: |  1  2  3  4  5  6  7  8  9 10 |
---------------+-------------------------------+-----
Throwing       | 2 3 4 5 6 |  6.5
Dodging        | 3 4 5 6 |  6.8
Unarmed Combat | 4 5 7 8 10 11 | 11.1
Fighting       | 3 4 5 7 |  7.8

Action                   |  1- 3 |  4- 6 |  7- 9 | 10-12 || total
-------------------------+-------+-------+-------+-------++-------
Melee: Unarmed           |   107 |   241 |   400 |   257 ||  1005
       Punch             |     2 |     6 |    18 |    18 ||    44
Throw: Throwing net      |       |       |     2 |       ||     2
       Tomahawk          |       |       |     1 |     2 ||     3
Evoke: Wand              |       |       |       |     1 ||     1
  Use: Scroll            |     6 |     5 |     9 |       ||    20
       Potion            |       |     1 |     1 |       ||     2
  Eat: Chunk             |     1 |    10 |    29 |    24 ||    64
       Ration            |       |       |     1 |       ||     1
Armor: Leather armour    |    27 |   116 |   123 |    39 ||   305
       Troll leather arm |       |       |       |    22 ||    22
Dodge: Dodged            |    65 |   187 |   231 |   181 ||   664
